 Dungeon Crawl Stone Soup version 0.31-a0-204-g7da18cac08 (webtiles) character file.

Game seed: 2290221493413278020

76 qw the Shooter (level 4, 0/25 HPs)
             Began as a Deep Elf Hunter on June 27, 2023.
             Slain by a goblin
             ... wielding a +0 club
             ... led by Robin
              (1 damage)
             ... on level 2 of the Dungeon.
             The game lasted 00:00:22 (765 turns).

qw the Shooter (Deep Elf Hunter)                     Turns: 765, Time: 00:00:22

Health: 0/25       AC:  6    Str: 10    XL:     4   Next: 12%
Magic:  2/2        EV: 11    Int: 14    God:
Gold:   48         SH:  0    Dex: 18    Spells: 3/3 levels left

rFire   . . .        Y - +3 arbalest (antimagic)
rCold   . . .        (shield currently unavailable)
rNeg    . . .        e - +0 ring mail
rPois   .            f - +0 helmet
rElec   .            (no cloak)
rCorr   .            (no gloves)
SInv    .            (no boots)
Will    .....        (no amulet)
Stlth   +            (no ring)
HPRegen 0.24/turn    (no ring)
MPRegen 0.08/turn

%: no passive effects
@: no status effects
A: no striking features
a: no special abilities


You were on level 2 of the Dungeon.
You visited 1 branch of the dungeon, and saw 2 of its levels.

You collected 48 gold pieces.


   Skills:
 - Level 1.5 Fighting
 + Level 7.5 Ranged Weapons
 - Level 2.4 Dodging
 - Level 1.2 Stealth


You had 3 spell levels left.
You didn't know any spells.
Your spell library was empty.

Inventory:

Hand Weapons
 Y - a +3 antimagic arbalest (weapon)
Armour
 e - a +0 ring mail (worn)
 f - a +0 helmet (worn)
Wands
 a - a wand of digging (6)
Scrolls
 b - a scroll of identify
Potions
 j - a potion of heal wounds {unknown}

Dungeon Overview and Level Annotations

Branches:
Dungeon (2/15)

Altars:

Shops:
D:2 (

Annotations:
D:2 Robin


Message History

The goblin hits you but does no damage. The goblin closely misses you.
You shoot a bolt. The bolt hits the goblin!
You kill the goblin!
The goblin no longer looks unusually strong.
The goblin closely misses you. The goblin hits you but does no damage.
The goblin completely misses you. The goblin hits you with a +0 club.
A hobgoblin comes into view.
The goblin misses you. The goblin closely misses you.
The goblin hits you with a +0 club.
You shoot a bolt. The bolt misses the goblin.
The bolt completely misses Robin.
The goblin no longer looks unusually strong.
The hobgoblin no longer looks unusually strong.
The goblin closely misses you. The goblin barely misses you.
The goblin hits you with a +0 club. The goblin hits you but does no damage.
You shoot a bolt. The bolt hits the goblin!!
You kill the goblin!
The goblin hits you with a +0 club. The goblin closely misses you.
Robin throws the goblin at you! The goblin barely misses you.
The goblin closely misses you. The goblin barely misses you.
The goblin closely misses you. Robin throws the goblin at you!
The goblin hits you but does no damage. The goblin barely misses you.
You shoot a bolt. The bolt barely misses the quokka.
The bolt hits Robin!
Robin is almost dead.
The goblin misses you. The goblin closely misses you. The quokka bites you.
The goblin closely misses you. x2; The goblin barely misses you.
The goblin hits you but does no damage. The goblin hits you with a +0 club.
The quokka completely misses you. The goblin closely misses you.
The goblin hits you but does no damage. The goblin hits you with a +0 club.
You shoot a bolt. The bolt hits the quokka!
You kill the quokka!
The goblin closely misses you.
Robin says, "Duck!"
The goblin hits you but does no damage. The goblin hits you with a +0 club.
The goblin hits you but does no damage. The goblin hits you with a +0 club.
You shoot a bolt. The bolt barely misses Robin.
The goblin hits you with a +0 club. The goblin hits you but does no damage.
The goblin hits you with a +0 club. x2; The goblin hits you but does no damage.
The goblin closely misses you. The goblin completely misses you.
The goblin hits you with a +0 club.
You die...

..####.#.............
#..................[
.......#.#..#..#... .
#..... .......#.. ..
#....)###....##.##+#...
.#.........)%...........
...........<...#))......
.............gggg.......
........#....g@###......
#########....gg#


ggg.. +.....\# g... #......# g.. #......# g. #......# . ........# ....######
..... You could see Robin, a hobgoblin and 5 goblins.

Vanquished Creatures
  Terence (D:2)
  A gnoll (D:1)
  4 bats
  2 endoplasms
  4 giant cockroaches (D:1)
  10 goblins
  3 hobgoblins
  5 quokkas
  3 ball pythons
  A frilled lizard (D:1)
  A kobold (D:1)
  A rat (D:2)
36 creatures vanquished.

Notes
Turn   | Place    | Note
-------+----------+-------------------------------------------
     0 | D:1      | qw the Deep Elf Hunter began the quest for the Orb.
     0 | D:1      | Reached XP level 1. HP: 12/12 MP: 3/3
     0 | D:1      | 0 ||| qw: Version: 0.3-a-22-g0ed2b0b
     0 | D:1      | 0 ||| qw: Game counter: 6396
     0 | D:1      | 0 ||| qw: Melee chars always use a shield: true
     0 | D:1      | 0 ||| qw: God list: Okawaru
     0 | D:1      | 0 ||| qw: Allow faded altars: false
     0 | D:1      | 0 ||| qw: Do Orc after clearing Dungeon:15 true
     0 | D:1      | 0 ||| qw: Do second Lair branch before Depths: true
     0 | D:1      | 0 ||| qw: Lair rune preference: random
     0 | D:1      | 0 ||| qw: Goals: Normal
     0 | D:1      | 0 ||| PLANNING D:1-11
   130 | D:1      | Reached skill level 6 in Ranged Weapons
   130 | D:1      | Reached XP level 2. HP: 16/16 MP: 4/4
   326 | D:1      | Reached XP level 3. HP: 20/20 MP: 5/5
   671 | D:1      | 671 ||| UPGRADING to +0 ring mail.
   681 | D:1      | 681 ||| DROPPING +0 leather armour.
   682 | D:1      | 682 ||| UPGRADING to +0 helmet.
   687 | D:1      | 687 ||| READING scroll labelled GOPOVV ABAITO.
   688 | D:1      | 688 ||| READING scroll labelled WYRHUMOSTA.
   689 | D:1      | 689 ||| READING scroll labelled ZALIJE ZUMI.
   689 | D:1      | Identified a scroll of acquirement
   689 | D:1      | 689 ||| ACQUIRING +2 antimagic arbalest
   689 | D:1      | Acquired a +2 antimagic arbalest
   691 | D:1      | 691 ||| SWAPPING to +2 antimagic arbalest.
   692 | D:1      | 692 ||| DROPPING +0 shortbow.
   693 | D:1      | 693 ||| READING scroll labelled ZOMMUPP MYIC.
   697 | D:1      | 697 ||| READING scroll labelled PINGYZU FIPAIC.
   698 | D:1      | 698 ||| READING scroll labelled CELOIS OSIERAYCEU.
   699 | D:1      | 699 ||| DROPPING scroll of butterflies.
   719 | D:2      | Found Rumn's Antique Weapon Shop.
   723 | D:2      | Noticed Terence
   727 | D:2      | Killed Terence
   728 | D:2      | Reached skill level 7 in Ranged Weapons
   748 | D:2      | Noticed Robin
   753 | D:2      | 753 ||| Stepping ~*~*~tactically~*~*~ (outnumbered).
   755 | D:2      | 755 ||| Stepping ~*~*~tactically~*~*~ (outnumbered).
   757 | D:2      | Reached XP level 4. HP: 25/25 MP: 2/6
   764 | D:2      | HP: 6/25 [goblin/+0 club[Robin] (2)]
   765 | D:2      | HP: 2/25 [goblin/+0 club[Robin] (4)]
   765 | D:2      | Slain by a goblin

Levels and vault maps discovered:
D:1:      psy_arrival_spokes, layout_loops_cross
D:2:      layout_basic, serial_shops, shop, shop, minmay_tetromino_s4,
          uniq_robin, uniq_terence

Skill      XL: |  1  2  3 |
---------------+----------+-----
Ranged Weapons | 6 7 |  7.5
Fighting       | |  1.5
Dodging        | |  2.4
Stealth        | |  1.2

Action                     |  1- 3 |  4- 6 || total
---------------------------+-------+-------++-------
   Fire: Shortbow          |    58 |       ||    58
         Arbalest          |    15 |     9 ||    24
    Use: Scroll            |     6 |       ||     6
 Armour: Leather armour    |     7 |       ||     7
         Ring mail         |     4 |    14 ||    18
  Dodge: Dodged            |    18 |    27 ||    45

Table legend:
 A = Non-vault XP
 B = Vault XP
 C = Vault XP percentage of total XP
 D = Non-vault monster count
 E = Vault monster count
 F = Vault count percentage of total count
                 A         B        C        D         E       F
            +---------+---------+-------+---------+---------+-------
      Total |      58 |      51 |  46.8 |      27 |       9 |  25.0
            +---------+---------+-------+---------+---------+-------
        D:1 |      48 |       0 |   0.0 |      21 |       0 |   0.0
        D:2 |      10 |      51 |  83.6 |       6 |       9 |  60.0
            +---------+---------+-------+---------+---------+-------
